 Dungeon Crawl Stone Soup version 0.31-a0-865-g3d5d91748a (webtiles) character file.

Game seed: 9868903952356685567

4 avis the Charlatan (level 1, 9/9 HPs)
             Began as a Felid Artificer on Oct 10, 2023.
             Got out of the dungeon alive.
             The game lasted 00:02:34 (279 turns).

avis the Charlatan (Felid Artificer)                 Turns: 279, Time: 00:02:34

Health: 9/9        AC:  1    Str:  8    XL:     1   Next: 50%
Magic:  2/2        EV: 18    Int: 12    God:
Gold:   30         SH:  0    Dex: 16    Spells: 0/0 levels left
                                        Lives:  0   Deaths: 1

rFire   . .          .
                       - Unarmed
rCold   . . .        (shield unavailable)
rNeg    . . .        (body armour unavailable)
rPois   .            (helmet unavailable)
rElec   .            (cloak unavailable)
rCorr   .            (gloves unavailable)
SInv    +            (boots unavailable)
Will    .....        (no amulet)
Stlth   ++           (no ring)
HPRegen 0.21/turn    (no ring)
MPRegen 0.08/turn

%: no passive effects
@: quick
A: very small, claws 1, fangs 3, see invisible, speed 1, shaggy fur 1, stealthy
paws, no weapons or thrown items, no armour, multi-lived
a: no special abilities


You escaped.
You visited 1 branch of the dungeon, and saw 1 of its levels.

You collected 30 gold pieces.

Inventory:

Wands
 a - a wand of flame (15) (quivered)
 b - a wand of charming (15)
 c - a wand of iceblast (5)
Scrolls
 d - a scroll of blinking {unknown}
 e - a scroll of fear {unknown}


   Skills:
 * Level 1.1 Fighting
 - Level 3.2 Dodging
 - Level 1.3 Stealth
 - Level 1.0 Unarmed Combat
 - Level 3.2 Evocations


You couldn't memorise any spells.
You didn't know any spells.
Your spell library was empty.

Dungeon Overview and Level Annotations

Branches:
Dungeon (1/15)

Altars:


Innate Abilities, Weirdness & Mutations

You have sharp claws.
You have razor-sharp teeth.
You have supernaturally acute eyesight. (SInv)
You cover ground quickly. (Speed+)
You are covered in fur. (AC +1)
Your paws help you pounce on unaware monsters.
You are incapable of wielding weapons or throwing items.
You cannot wear armour.
You gain extra lives every three experience levels.


Message History

The goblin hits you with a +0 dagger of venom.
* * * LOW HITPOINT WARNING * * *
You are more poisoned.
You aren't carrying any potions.
You die...
You feel very sick.
You rejoin the land of the living...
Found 15 gold pieces and a robe.
A goblin comes into view. It is wielding a +0 dagger.
Found a glowing brass amulet.
Found a gold piece.
A kobold comes into view. It is wielding a +0 club.
The kobold shouts!
You hear a shout!
You see here a gold piece.
You now have 30 gold pieces (gained 1).
The kobold hits you with a +0 club.
Ouch! That really hurt!
The goblin shouts!
The kobold throws a stone.
The stone misses you.
The kobold throws a stone.
The stone misses you.
Found a brown potion.
The kobold throws a stone.
The stone misses you.
The kobold throws a stone.
The stone closely misses you.
You enter the shallow water.
Moving in this stuff is going to be slow.
You enter the shallow water.
Moving in this stuff is going to be slow.
You enter the shallow water.
Moving in this stuff is going to be slow.
You enter the shallow water.
Moving in this stuff is going to be slow.
You enter the shallow water.
Moving in this stuff is going to be slow.
You enter the shallow water.
Moving in this stuff is going to be slow.
There is a large open door here.
You see here a ball python corpse.
There is a large open door here.
There is a large open door here.
There is a staircase leading out of the dungeon here.
You can't go down here!
You have escaped!

###.####~.#~..........~#.~#
.# # #.#
#~.#~~~~~..~~~~~#.~# ###.#
#~.######''######.~# ..#.#
#~.#......§.....#.~# #.#.#
#~.#≈≈§§§.§≈§§≈≈#.~#
#.#.####~.#§≈≈≈≈..§≈§≈≈#.~#
#.#.....~.#.......§§...#.~#
#.######~g######''######.~#
#.# #>~8#.....@......#8~# #
#.#
#.~.##############.~#..#
#.#
#.~..8..........8..~...#
#.#
#.~~~~~~g~~~~~~~~~~~#.##
#.# #.#######.#.#.#######.#
#.#####(#######.#.#.# #
.>##^.........#.#.#.#
.....##.........g...#
####......>.........# ..


There were no monsters in sight!

Vanquished Creatures
  A ball python (D:1)
  An endoplasm (D:1)
  A frilled lizard (D:1)
  A rat (D:1)
4 creatures vanquished.

Notes
Turn   | Place    | Note
-------+----------+-------------------------------------------
     0 | D:1      | avis the Felid Artificer began the quest for the Orb.
     0 | D:1      | Reached XP level 1. HP: 9/9 MP: 2/2
   131 | D:1      | Reached skill level 1 in Unarmed Combat
   193 | D:1      | Succumbed to a goblin's poison
   279 | D:$      | Got out of the dungeon alive.

Illustrated notes

Levels and vault maps discovered:
D:1:      lightli_arrival_isolated_outpost, layout_loops_ring,
          shapermc_ecumenical_altar_notcrosses, chequers_serial_rivers_marsh,
          kennysheep_decorative_pillar

Skill      XL: |  1 |
---------------+----+-----
Unarmed Combat | 1 |  1.0
Fighting       | |  1.1
Dodging        | |  3.2
Stealth        | |  1.3
Evocations     | |  3.2

Action                     || total
---------------------------++-------
  Melee: Unarmed           ||    14
         Bite              ||     1
 Armour: Skin              ||     5
  Dodge: Dodged            ||    11

Table legend: (Time is in decaauts)
 A = Elapsed time spent in this place.
 B = Non-inter-level travel time spent in this place.
 C = Inter-level travel time spent in this place.
 D = Time resting spent in this place.
 E = Time spent auto-exploring this place.
 F = Levels seen in this place.
 G = Mean time per level.
                   A        B        C        D        E       F      G
               +--------+--------+--------+--------+--------+-----+--------+
         Total |    238 |    238 |      0 |     11 |     56 |   1 |  238.0 |
       Dungeon |    238 |    238 |      0 |     11 |     56 |   1 |  238.0 |
               +--------+--------+--------+--------+--------+-----+--------+

Top non-repeatable levels by time:
     D:1: 238 daAuts
